 Dungeon Crawl Stone Soup version 0.17-a0-1582-ge6b0260 (webtiles) character file.

71 JEM123 the Sneak (level 4, -6/26 HPs)
             Began as a Kobold Assassin on July 28, 2015.
             Mangled by CrayRabbit's ghost (12 damage)
             ... on level 3 of the Dungeon.
             The game lasted 00:25:19 (1957 turns).

JEM123 the Sneak (Kobold Assassin)                  Turns: 1957, Time: 00:25:19

Health: -6/26      AC:  5    Str:  9    XL:     4   Next: 47%
Magic:  4/4        EV: 14    Int:  9    God:
Gold:   111        SH:  0    Dex: 18    Spells: 0 memorised, 3 levels left

rFire  . . .     SeeInvis .     a - +2 dagger
rCold  . . .     Clarity  .     n - +0 robe
rNeg   . . .     SustAt   .     (shield restricted)
rPois  .         Gourm    .     (no helmet)
rElec  .         Spirit   .     d - +0 cloak
rCorr  .         Warding  .     o - +0 pair of gloves
rMut   .         Stasis   .     r - +0 pair of boots
MR     +....                    (no amulet)
Stlth  ++++......               (no ring)
                                p - ring of protection from magic

@: somewhat resistant to hostile enchantments, stealthy
A: carnivore 3
a: no special abilities


You were on level 3 of the Dungeon.
You were not hungry.

You visited 1 branch of the dungeon, and saw 3 of its levels.

You collected 111 gold pieces.

Inventory:

Hand weapons
 a - a +2 dagger (weapon)
 b - a +1 blowgun
Missiles
 e - 7 poisoned needles
 f - 2 curare-tipped needles
 i - 41 stones (quivered)
 v - a needle of sleeping
Armour
 c - a +0 robe
 d - a +0 cloak (worn)
 n - a +0 robe (worn)
 o - a +0 pair of gloves (worn)
 r - a +0 pair of boots (worn)
Jewellery
 p - a ring of protection from magic (left hand)
Scrolls
 l - 2 scrolls of identify
Potions
 s - a potion of brilliance {unknown}
Comestibles
 g - 2 meat rations
 k - 2 beef jerkies
 u - 3 chunks of flesh


   Skills:
 - Level 2.1 Fighting
 * Level 5.4 Short Blades
 - Level 2.6 Throwing
 - Level 1.2 Dodging
 * Level 5.7 Stealth


You had 3 spell levels left.
You didn't know any spells.

Dungeon Overview and Level Annotations

Branches:
Dungeon (3/15)

Altars:
Ashenzari

Annotations:
D:3 CrayRabbit's ghost, average DsGl


Innate Abilities, Weirdness & Mutations

You are small and have problems with some larger weapons.
You are carnivorous and can eat meat at any time.


Message History

You hit CrayRabbit's ghost.
CrayRabbit's ghost is lightly damaged.
CrayRabbit's ghost hits you!
* * * LOW HITPOINT WARNING * * *
You hit CrayRabbit's ghost.
CrayRabbit's ghost is moderately damaged.
CrayRabbit's ghost barely misses you.
Drink which item? (? for menu, Esc to quit)
You feel much better. CrayRabbit's ghost hits you!
You hit CrayRabbit's ghost but do no damage.
CrayRabbit's ghost is lightly damaged.
CrayRabbit's ghost closely misses you.
You hit CrayRabbit's ghost but do no damage.
CrayRabbit's ghost is lightly damaged.
CrayRabbit's ghost hits you!
* * * LOW HITPOINT WARNING * * *
You hit CrayRabbit's ghost but do no damage.
CrayRabbit's ghost is lightly damaged.
CrayRabbit's ghost hits you!
You die...

#.........# ###.#######.#
.##.# #.# ..#.# #.# ..#.#
#.# ..#.# #.######.#
..#.#######.........
..#.#.......#########
..#.............@W..#
.####.............#.# .#
#...####.####.#.#
.####...##.....##.#.#
........#.......#.#.#
.(....#.#.......#.#.#
...........)_.....#.#
........#.......#...#####.#
######..#.......#.......(..


You could see CrayRabbit's ghost.

Vanquished Creatures
  An adder (D:2)
  An ooze (D:1)
  2 worms (D:2)
  A giant gecko (D:1)
  9 bats
  4 giant cockroaches
  A goblin (D:2)
  8 hobgoblins
  3 giant newts (D:1)
  8 jackals
  6 kobolds
  6 rats
50 creatures vanquished.

Vanquished Creatures (others)
  A fungus (D:3)
1 creature vanquished.

Grand Total: 51 creatures vanquished

Notes
Turn   | Place    | Note
--------------------------------------------------------------
     0 | D:1      | JEM123 the Kobold Assassin began the quest for the Orb.
     0 | D:1      | Reached XP level 1. HP: 12/12 MP: 1/1
   154 | D:1      | Found a shattered altar of Ashenzari.
   241 | D:1      | Reached XP level 2. HP: 12/17 MP: 2/2
   478 | D:1      | Reached XP level 3. HP: 18/21 MP: 3/3
  1083 | D:2      | You fall through a shaft!
  1166 | D:2      | Reached skill level 5 in Short Blades
  1251 | D:2      | Reached XP level 4. HP: 6/26 MP: 4/4
  1913 | D:3      | Found a shattered altar of Ashenzari.
  1926 | D:3      | Noticed CrayRabbit's ghost (average DsGl)
  1957 | D:3      | Mangled by CrayRabbit's ghost

Vault maps used:
D:1:      dpeg_cavernosity, kennysheep_flooded_box, nicolae_ashenzari_panopticon
D:2:      grunt_decor_mini_mirrors
D:3:      old_standard_altar, okawaru_altar_gauntlet_db, serial_forest,
          infiniplex_forest_straight_3, infiniplex_forest_lined_3,
          infiniplex_forest_straight_4, infiniplex_forest_clump_small,
          infiniplex_forest_lined_4_way, grunt_decor_cap,
          uniq_crazy_yiuf_cottage, uniq_robin

Action                   |  1- 3 |  4- 6 || total
-------------------------+-------+-------++-------
Melee: Dagger            |    87 |    46 ||   133
 Fire: Blowgun           |     5 |    16 ||    21
  Use: Scroll            |       |     5 ||     5
       Potion            |       |     1 ||     1
 Stab: Sleeping          |    10 |     2 ||    12
       Distracted        |     1 |     2 ||     3
  Eat: Chunk             |     1 |     2 ||     3
